cohdb
Replays
Latest Replays
All Replays
Popular Replays
Top Player Replays
Match Explorer
How It Works
Community
CoH3 Stats
Reddit
Sign in to upload your games and track your stats! →
Sign in with Steam
Match 36615445
Unlisted
Match 36615445
Overview
Messages
Build Orders
End
Construct Weapon Support Center
M1919 Machine Gun Team
Sniper
M1919 Machine Gun Team
Construct Barracks
1⁄4-ton 4x4 Truck
Riflemen Squad
Selects Armored Battlegroup
Riflemen Squad
Selects Fast Deploy
Sniper
Grenade Package
Selects M8 Scott SPG
Selects UNKNOWN (2160077)
M8 Scott SPG
Riflemen Squad
MrMisrulent
Bruistablet
TroxussyEnjoyer
八坂真崎
0
0
Comments
sign in to comment!
No comments posted yet!